 Dungeon Crawl Stone Soup version 0.29.1-15-g9cfb28693d (webtiles) character file.

Game seed: 6417156415458299486

338 12sPaWn12 the Caller (level 6, 0/44 HPs)
             Began as a Gnoll Summoner on Mar 21, 2023.
             Slain by a kobold brigand
             ... wielding a +0 short sword
              (5 damage)
             ... in a sewer.
             The game lasted 00:12:24 (2575 turns).

12sPaWn12 the Caller (Gnoll Summoner)               Turns: 2575, Time: 00:12:25

Health: 0/44       AC:  9    Str:  7    XL:     6   Next: 55%
Magic:  4/14       EV: 16    Int: 17    God:
Gold:   90         SH:  0    Dex: 24    Spells: 4/15 levels left

rFire   + . .      SeeInvis .     - Unarmed
rCold   + . .      Faith    .   (no shield)
rNeg    . . .      Spirit   .   a - +1 robe
rPois   +          Reflect  .   e - +0 helmet
rElec   +          Harm     .   k - +0 cloak
rCorr   +          Rampage  .   c - +2 pair of gloves
Will    .....                   l - +0 pair of boots
Stlth   +++.......              (no amulet)
HPRegen 0.14/turn               m - +6 ring of dexterity
MPRegen 0.14/turn               n - +6 ring of dexterity

@: lethally poisoned (0 -> -2), resistant, slowed, very slow
A: fangs 1, strong nose, distributed training
a: no special abilities


You were in a sewer.
You visited 1 branch of the dungeon, and saw 3 of its levels.
You also visited: Sewer.

You collected 90 gold pieces.

Inventory:

Armour
 a - a +1 robe (worn)
 c - a +2 pair of gloves (worn)
 e - a +0 helmet (worn)
 k - a +0 cloak (worn)
 l - a +0 pair of boots (worn)
Jewellery
 m - a +6 ring of dexterity (left hand)
 n - a +6 ring of dexterity (right hand)
Scrolls
 f - a scroll of enchant armour
 h - a scroll of identify
 i - a scroll of magic mapping {unknown}
 j - a scroll of immolation
 p - a scroll of butterflies
 q - a scroll of blinking {unknown}
Potions
 b - a potion of magic
 d - 2 potions of resistance
 g - a potion of might {unknown}
 o - a potion of attraction {unknown}
 r - a potion of brilliance {unknown}
 s - a potion of mutation {unknown}


   Skills:
 + Level 2.1 Fighting
 + Level 2.1 Short Blades
 + Level 2.1 Long Blades
 + Level 2.1 Axes
 + Level 2.1 Maces & Flails
 + Level 2.1 Polearms
 + Level 2.1 Staves
 + Level 2.1 Ranged Weapons
 + Level 2.1 Throwing
 + Level 2.1 Armour
 + Level 5.0 Dodging
 + Level 4.7 Stealth
 + Level 2.1 Shields
 + Level 2.1 Unarmed Combat
 + Level 5.4 Spellcasting
 + Level 1.6 Conjurations
 + Level 1.6 Hexes
 + Level 7.3 Summonings
 + Level 1.6 Necromancy
 + Level 1.6 Translocations
 + Level 1.6 Transmutations
 + Level 1.6 Fire Magic
 + Level 1.6 Ice Magic
 + Level 1.6 Air Magic
 + Level 1.6 Earth Magic
 + Level 1.6 Poison Magic
 + Level 2.3 Invocations
 + Level 2.1 Evocations


You had 4 spell levels left.
You knew the following spells:

 Your Spells              Type           Power      Damage    Failure   Level
a - Summon Small Mammal   Summ           100%       N/A       1%          1
b - Call Canine Familiar  Summ           29%        N/A       1%          3
c - Summon Guardian Gole  Hex/Summ       19%        N/A       6%          3
d - Summon Lightning Spi  Summ/Air       19%        N/A       22%         4

Your spell library contained the following spells:

 Spells                   Type           Power      Damage    Failure   Level
 Call Imp                 Summ           29%        N/A       1%          2
 Apportation              Tloc           20%        N/A       7%          1
 Foxfire                  Conj/Fire      40%        2x1d6     7%          1
 Necrotise                Necr           40%        1d6       7%          1
 Slow                     Hex            40%        N/A       7%          1
 Blink                    Tloc           20%        N/A       11%         2
 Confusing Touch          Hex            10%        N/A       21%         3
 Conjure Flame            Conj/Fire      10%        6-21      21%         3
 Inner Flame              Hex/Fire       10%        N/A       21%         3
 Lesser Beckoning         Tloc           10%        N/A       21%         3
 Vampiric Draining        Necr           10%        2d6       21%         3
 Flame Wave               Conj/Fire      10%        2d6       56%         4
 Manifold Assault         Tloc           10%        N/A       88%         5


Dungeon Overview and Level Annotations

Branches:
Dungeon (3/15)              Sewer (1/1)

Altars:

Shops:
D:3 [


Innate Abilities, Weirdness & Mutations

You have very sharp teeth.
Your uncanny sense of smell can sniff out nearby items.
Your experience applies equally to all skills.


Message History

The curare-tipped dart closely misses you.
The kobold brigand throws a curare-tipped dart.
The curare-tipped dart barely misses you.
The curare-tipped dart hits the fungus.
You feel sick.
The kobold brigand throws a curare-tipped dart.
The curare-tipped dart hits you.
You are more poisoned.
You have difficulty breathing.
You feel as though you will be slow longer.
Casting: Summon Small Mammal (safe; 1% risk of failure)
Confirm with . or Enter, or press ? or * to list all spells.
The spell is quite dangerous to miscast (22% risk of failure)!
Continue anyway?
An electric hum fills the air.
You feel extremely sick.
The kobold brigand hits you with a +0 dagger.
You feel very sick.
Your lightning spire shoots out a bolt of lightning at the kobold brigand!
The bolt of electricity hits the kobold brigand!
The kobold brigand dies!
The bolt of electricity hits the plant!
The plant begins to die.
You feel very sick.
The kobold hits your lightning spire with a +0 short sword.
Your lightning spire shoots out a bolt of lightning at the kobold!
The bolt of electricity hits the kobold!
The kobold dies!
You feel sick.
Your lightning spire shoots out a bolt of lightning at the kobold!
The bolt of electricity hits the kobold!
The kobold dies!
The bolt of electricity hits the plant!
You feel sick.
A nearby plant withers and dies.
The kobold brigand hits you but does no damage.
The kobold brigand hits you with a +0 short sword.
* * * LOW HITPOINT WARNING * * *
It was a potion of resistance.
You feel protected.
You feel sick.
The kobold brigand hits you with a +0 short sword.
You die...

#### ##### ####
####P.####...####..#####
.......##..........#..P#
...................#...##########
..................P8)...##......#
.................K.)............#
...P....††......@P~~~.......~†~~'
..~~~~..~~P..~~P~~~~~P~~~...~~~~)
.P~~†~P~~P...P~~~P~~~~P~P...P~P~#
####~~~##########~~~~##########~#
~~~~~~~~~~~~~~~~~~~~~~~~~~~ ~~~
≈≈~≈≈≈≈≈~≈≈≈≈≈~≈≈≈≈≈~≈≈≈≈≈~ ≈≈~
~~~~~~~~~~~~~~~~~~~~~~~~~~ ~~~
~############~#~#######~#########
~~~........P~~P~~P..P~P~~~~~.~~~#


You could see a kobold brigand (ally target) and a friendly lightning spire
(summoned).

Vanquished Creatures
  A kobold brigand (Sewer)
  2 adders (D:3)
  A river rat (D:3)
  A dart slug (D:2)
  2 ball pythons
  2 giant cockroaches
  A goblin (D:1)
  A hobgoblin (D:2)
  A kobold (Sewer)
  A quokka (D:3)
  3 bats (Sewer)
  4 rats
20 creatures vanquished.

Vanquished Creatures (collateral kills)
  2 kobold brigands (Sewer)
  3 adders
  A river rat (D:3)
  A worm (D:2)
  2 dart slugs (D:2)
  A ball python (D:2)
  5 endoplasms
  3 giant cockroaches
  A goblin (D:2)
  4 hobgoblins
  4 jackals (D:1)
  7 kobolds
  A quokka (D:3)
  3 bats
  A frilled lizard (Sewer)
  8 rats
47 creatures vanquished.

Vanquished Creatures (others)
  2 fungi (Sewer)
  2 plants (Sewer)
4 creatures vanquished.

Grand Total: 71 creatures vanquished

Notes
Turn   | Place    | Note
-------+----------+-------------------------------------------
     0 | D:1      | 12sPaWn12 the Gnoll Summoner began the quest for the Orb.
     0 | D:1      | Reached XP level 1. HP: 13/13 MP: 6/6
   183 | D:1      | Reached XP level 2. HP: 19/19 MP: 7/7
  1313 | D:2      | Reached skill level 5 in Spellcasting
  1313 | D:2      | Reached XP level 3. HP: 25/25 MP: 5/9
  1316 | D:2      | Identified the +1 ring mail "Jyttar" {Str+4}
  1384 | D:2      | Learned a level 3 spell: Call Canine Familiar
  1389 | D:2      | Reached skill level 1 in Invocations
  1389 | D:2      | Learned a level 3 spell: Summon Guardian Golem
  1634 | D:2      | Reached skill level 1 in Fighting
  1634 | D:2      | Reached skill level 1 in Short Blades
  1634 | D:2      | Reached skill level 1 in Long Blades
  1634 | D:2      | Reached skill level 1 in Axes
  1634 | D:2      | Reached skill level 1 in Maces & Flails
  1634 | D:2      | Reached skill level 1 in Polearms
  1634 | D:2      | Reached skill level 1 in Staves
  1634 | D:2      | Reached skill level 1 in Ranged Weapons
  1634 | D:2      | Reached skill level 1 in Throwing
  1634 | D:2      | Reached skill level 1 in Armour
  1634 | D:2      | Reached skill level 1 in Shields
  1634 | D:2      | Reached skill level 1 in Unarmed Combat
  1634 | D:2      | Reached skill level 1 in Evocations
  1776 | D:2      | Found a faded altar of an unknown god.
  1940 | D:3      | Reached XP level 4. HP: 30/32 MP: 8/11
  1963 | D:3      | Found Duef's Antique Armour Emporium.
  2079 | D:3      | Reached skill level 1 in Conjurations
  2079 | D:3      | Reached skill level 1 in Hexes
  2079 | D:3      | Reached skill level 1 in Necromancy
  2079 | D:3      | Reached skill level 1 in Translocations
  2079 | D:3      | Reached skill level 1 in Transmutations
  2079 | D:3      | Reached skill level 1 in Fire Magic
  2079 | D:3      | Reached skill level 1 in Ice Magic
  2079 | D:3      | Reached skill level 1 in Air Magic
  2079 | D:3      | Reached skill level 1 in Earth Magic
  2079 | D:3      | Reached skill level 1 in Poison Magic
  2124 | D:3      | Found a glowing drain.
  2136 | Sewer    | Entered a sewer
  2229 | Sewer    | Reached XP level 5. HP: 37/37 MP: 6/12
  2239 | Sewer    | Noticed a kobold brigand
  2253 | Sewer    | Killed a kobold brigand
  2298 | Sewer    | Noticed a kobold brigand
  2315 | Sewer    | Killed a kobold brigand
  2316 | Sewer    | Reached skill level 5 in Dodging
  2316 | Sewer    | Reached XP level 6. HP: 22/44 MP: 9/14
  2505 | Sewer    | Learned a level 4 spell: Summon Lightning Spire
  2575 | Sewer    | Slain by a kobold brigand

Illustrated notes

Levels and vault maps discovered:
D:1:      wander_arrival_desolate, layout_loops_ring
D:2:      layout_rooms, hellmonk_ecumenical_altar_heavens_door,
          minmay_fractal_squares_5
D:3:      minmay_chambers_of_twos, layout_basic, mainiacjoe_overflow_alcove_2,
          gup_sewer_entry_bubbles, serial_shops, nicolae_shop_hallway_stairs,
          nicolae_shop_temple_entry_statues_fountains, uniq_natasha
Sewer:    kennysheep_pipe_town

Skill      XL: |  1  2  3  4  5  6 |
---------------+-------------------+-----
Spellcasting   | 5 |  5.4
Invocations    | 1 2 |  2.3
Fighting       | 1 2 |  2.1
Short Blades   | 1 2 |  2.1
Long Blades    | 1 2 |  2.1
Axes           | 1 2 |  2.1
Maces & Flails | 1 2 |  2.1
Polearms       | 1 2 |  2.1
Staves         | 1 2 |  2.1
Ranged Weapons | 1 2 |  2.1
Throwing       | 1 2 |  2.1
Armour         | 1 2 |  2.1
Shields        | 1 2 |  2.1
Unarmed Combat | 1 2 |  2.1
Evocations     | 1 2 |  2.1
Conjurations   | 1 |  1.6
Hexes          | 1 |  1.6
Necromancy     | 1 |  1.6
Translocations | 1 |  1.6
Transmutations | 1 |  1.6
Fire Magic     | 1 |  1.6
Ice Magic      | 1 |  1.6
Air Magic      | 1 |  1.6
Earth Magic    | 1 |  1.6
Poison Magic   | 1 |  1.6
Dodging        | 5 |  5.0
Stealth        | |  4.7
Summonings     | |  7.3

Action                   |  1- 3 |  4- 6 || total
-------------------------+-------+-------++-------
Melee: Unarmed           |    68 |    75 ||   143
       Bite              |     9 |     9 ||    18
       Punch             |       |     1 ||     1
 Cast: Summon Small Mamm |    27 |    19 ||    46
       Call Canine Famil |     5 |     6 ||    11
       Summon Lightning  |       |     1 ||     1
  Use: Scroll            |     5 |       ||     5
       Potion            |       |     1 ||     1
 Stab: Distracted        |     1 |     3 ||     4
       Sleeping          |     1 |     1 ||     2
Armor: Robe              |    17 |    23 ||    40
Dodge: Dodged            |    43 |    61 ||   104
